 Dungeon Crawl Stone Soup version 0.29.1-1-gd02db6906a (webtiles) character file.

Game seed: 1224660609280181246

109 Icepheonix32 the Insei (level 4, 0/48 HPs)
             Began as a Merfolk Transmuter on Oct 3, 2022.
             Slain by an orc
             ... wielding a +0 trident
              (2 damage)
             ... on level 3 of the Dungeon.
             The game lasted 00:03:18 (3118 turns).

Icepheonix32 the Insei (Merfolk Transmuter)         Turns: 3118, Time: 00:03:19

Health: 0/48       AC: 22    Str:  8 (10) XL:     4   Next: 90%
Magic:  5/7        EV:  2    Int: 13 (14) God:
Gold:   171        SH:  0    Dex: 14      Spells: 2/8 levels left

rFire   . . .      SeeInvis .     - Unarmed
rCold   . . .      Faith    .   (no shield)
rNeg    . . .      Spirit   .   (body armour currently unavailable)
rPois   +          Reflect  .   (helmet currently unavailable)
rElec   .          Harm     .   (cloak currently unavailable)
rCorr   .          Rampage  .   (gloves currently unavailable)
Will    .....      NoTele   +   (boots currently unavailable)
Stlth   +.........              (no amulet)
HPRegen 0.16/turn               h - ring of flight
MPRegen 0.10/turn               (no ring)

@: confused, tree-form, wereblooded, invisible
A: stationary, stasis, torment immunity, boosted hp, (nimble swimmer 2),
(mertail)
a: no special abilities


You were on level 3 of the Dungeon.
You were a tree.
You visited 1 branch of the dungeon, and saw 3 of its levels.

You collected 171 gold pieces.

Inventory:

Armour
 a - a +0 robe (melded)
Jewellery
 h - a ring of flight (left branch)
Scrolls
 b - a scroll of enchant weapon {unknown}
 k - a scroll of immolation
 m - a scroll of butterflies
Potions
 f - a potion of haste
 j - a potion of magic


   Skills:
 + Level 1.5 Fighting
 + Level 3.3 Dodging
 + Level 0.8 Stealth
 + Level 4.2 Unarmed Combat
 + Level 2.5 Spellcasting
 * Level 3.9 Transmutations
 * Level 1.1 Poison Magic


You had 2 spell levels left.
You knew the following spells:

 Your Spells              Type           Power      Damage    Failure   Level
a - Beastly Appendage     Tmut           22%        N/A       4%          1
b - Wereblood             Tmut           11%        N/A       8%          2
c - Spider Form           Tmut/Pois      8%         N/A       26%         3

Your spell library contained the following spells:

 Spells                   Type           Power      Damage    Failure   Level
 Slow                     Hex            4%         N/A       24%         1
 Confusing Touch          Hex            1%         N/A       58%         3
 Gell's Gravitas          Tloc           1%         N/A       58%         3
 Teleport Other           Tloc           1%         N/A       58%         3
 Vampiric Draining        Necr           1%         2d6       58%         3
 Ice Form                 Ice/Tmut       6%         N/A       71%         4
 Dispersal                Tloc           0%         N/A       100%        6


Dungeon Overview and Level Annotations

Branches:
Dungeon (3/15)

Altars:


Innate Abilities, Weirdness & Mutations

You are a tree.
Your roots penetrate the ground, keeping you stationary.
You cannot be teleported.
You are immune to unholy pain and torment.
Your maximum health is greatly increased.
Your equipment is partially melded.
((You are very nimble when in or above water. (Stealth+, EV+, Speed+++)))
((Your lower body shifts to a powerful aquatic tail in water.))


Message History

The orc hits you but does no damage. x2
You are too injured to fight recklessly!
You are too injured to fight recklessly!
Casting: Wereblood (safe; 8% risk of failure)
Confirm with . or Enter, or press ? or * to list all spells.
Your blood is infused with primal strength.
The orc hits you but does no damage.
The orc throws an atropa-tipped dart.
The atropa-tipped dart hits you.
You are confused.
The orc hits you but does no damage.
You cannot move. (Use ctrl+direction or * direction to attack while stationary and confused.)
You cannot move. (Use ctrl+direction or * direction to attack while stationary and confused.)
You cannot move. (Use ctrl+direction or * direction to attack while stationary and confused.)
You cannot move. (Use ctrl+direction or * direction to attack while stationary and confused.) Unknown command.
You swing at nothing.
The orc hits you but does no damage.
The orc hits you from afar with a +0 trident.
* * * LOW HITPOINT WARNING * * *
The orc hits you with a +0 hand axe.
* * * LOW HITPOINT WARNING * * *
You swing at nothing.
The orc hits you but does no damage. The orc hits you with a +0 hand axe.
* * * LOW HITPOINT WARNING * * *
You swing at nothing.
You feel less confused. The orc hits you but does no damage. x2
You swing at nothing.
The orc hits you but does no damage.
The orc hits you from afar with a +0 trident.
* * * LOW HITPOINT WARNING * * *
The orc hits you but does no damage.
You fade into invisibility!
The orc hits you but does no damage. x2; The orc throws an atropa-tipped dart.
The atropa-tipped dart barely misses the orc.
The atropa-tipped dart hits you!
You are confused.
The orc barely misses you.
Unknown command.
You swing at nothing.
The orc hits you but does no damage.
The orc hits you from afar with a +0 trident.
You die...

#...# #.#
#.#.#.#.#
###.#.#.#.#
####.......#.#
.........# #.# ###
#.....####.##
##$.$ #.o.....<).#
#$8.8o#)o..####..#
#_?$..o♣#.## #>.#
#.8.8.#)..# #..#
##..$ ##### #..#
###### ######..#
...#.# #.......#
#.##.# #.#####.#
#.##.# #.# .#
#.##.# #.# .# ####
#.##.# #.# .#


You could see 4 orcs.

Vanquished Creatures
  An orc priest (D:3)
  A gnoll (D:1)
  An adder (D:3)
  2 worms (D:2)
  2 dart slugs (D:1)
  6 orcs (D:3)
  5 ball pythons
  3 endoplasms
  2 giant cockroaches
  6 goblins
  5 hobgoblins
  2 quokkas
  A bat (D:2)
  A frilled lizard (D:2)
  4 kobolds (D:1)
  4 rats
46 creatures vanquished.

Vanquished Creatures (others)
  8 plants (D:3)
8 creatures vanquished.

Grand Total: 54 creatures vanquished

Notes
Turn   | Place    | Note
-------+----------+-------------------------------------------
     0 | D:1      | Icepheonix32 the Merfolk Transmuter began the quest for the
                  | Orb.
     0 | D:1      | Reached XP level 1. HP: 15/15 MP: 3/3
    71 | D:1      | Reached XP level 2. HP: 3/21 MP: 3/5
   596 | D:1      | Reached XP level 3. HP: 18/26 MP: 4/6
   775 | D:1      | Learned a level 2 spell: Wereblood
   779 | D:1      | Learned a level 3 spell: Spider Form
  1508 | D:2      | Found a faded altar of an unknown god.
  2424 | D:2      | Reached XP level 4. HP: 32/32 MP: 5/7
  2812 | D:3      | Reached skill level 4 in Unarmed Combat
  3090 | D:3      | Reached skill level 1 in Poison Magic
  3116 | D:3      | HP: 1/48 [orc/+0 trident (5)]
  3118 | D:3      | Slain by an orc

Illustrated notes

Levels and vault maps discovered:
D:1:      psy_arrival_dodecagon, layout_basic, minmay_tiny_reverse_x
D:2:      layout_loops_corners, ebering_ecumenical_altar_sacrificial,
          minmay_misc_feat_nine_boxes
D:3:      layout_loops_ring, bloody_makhleb, nicolae_hepliaklqana_hazy_memory,
          gammafunk_temple_overflow_pools, serial_shops, nicolae_shop_stone,
          kennysheep_orc_chapel, uniq_crazy_yiuf_cottage

Skill      XL: |  1  2  3  4 |
---------------+-------------+-----
Transmutations | 3 |  3.9
Dodging        | 3 |  3.3
Unarmed Combat | 4 |  4.2
Poison Magic   | 1 |  1.1
Fighting       | |  1.5
Stealth        | |  0.8
Spellcasting   | |  2.5

Action                   |  1- 3 |  4- 6 || total
-------------------------+-------+-------++-------
Melee: Unarmed           |   113 |    35 ||   148
       Headbutt          |    10 |       ||    10
       Punch             |     3 |       ||     3
 Cast: Beastly Appendage |    18 |       ||    18
       Spider Form       |     1 |       ||     1
       Wereblood         |       |     3 ||     3
  Use: Potion            |     1 |     7 ||     8
       Scroll            |       |     6 ||     6
 Stab: Sleeping          |     1 |       ||     1
Armor: Robe              |    11 |     2 ||    13
       Skin              |     1 |    44 ||    45
Dodge: Dodged            |    67 |     9 ||    76
